 Dungeon Crawl Stone Soup version 0.30-a0-458-g86641cc369 (webtiles) character file.

Game seed: 17803917691624529242

123515 freelancePsychic the Convoker (level 16, -2/136 HPs)
             Began as a Demonspawn Wanderer on Dec 14, 2022.
             Was an Initiate of Gozag.
             Shot with an arrow by a deep elf archer (22 damage)
             ... on level 1 of the Elven Halls.
             The game lasted 01:07:31 (29705 turns).

freelancePsychic the Convoker (DsWn)               Turns: 29705, Time: 01:07:32

Health: -2/136     AC: 20    Str: 12    XL:     16   Next: 37%
Magic:  0/32       EV: 21    Int: 27    God:    Gozag
Gold:   3306       SH:  0    Dex: 20    Spells: 12/39 levels left

rFire   + . .      SeeInvis +    S - +4 demon whip (vorpal)
rCold   . . .      Faith    .    (no shield)
rNeg    + . .      Spirit   +    h - +3 troll leather armour
rPois   .          Reflect  .    c - +0 helmet
rElec   .          Harm     .    (no cloak)
rCorr   .          Rampage  .    D - +2 pair of gloves of Xidey {Contam rN+ Int+3 SInv}
Will    +++..                    (no boots)
Stlth   ++........               X - amulet of magic regeneration
HPRegen 1.22/turn                e - ring of willpower
MPRegen 0.86/turn                N - ring of Gycwuwk {Contam rF+ Will+ Str+3 Dex+6}

@: forested, sanguine armoured, very slightly contaminated, studying 2 skills
A: icemail 1, magic shield, magic regeneration, sanguine armour 2, condensation
shield, corrupting presence 1, weakness stinger 2
a: Renounce Religion, Potion Petition, Call Merchant, Bribe Branch


You were on level 1 of the Elven Halls.
You worshipped Gozag.
Gozag was most pleased with you.
You visited 5 branches of the dungeon, and saw 24 of its levels.
You also visited: Sewer and Gauntlet.

You collected 10082 gold pieces.
You spent 3756 gold pieces at shops.
You paid 3020 gold pieces to Gozag.

Inventory:

Hand Weapons
 S - a +4 vorpal demon whip (weapon)
Missiles
 b - 10 curare-tipped darts
 l - 34 boomerangs
 v - 37 poisoned darts
 O - 3 atropa-tipped darts
Armour
 c - a +0 helmet (worn)
 h - a +3 troll leather armour (worn)
 D - the +2 pair of gloves of Xidey (worn) {Contam rN+ Int+3 SInv}
   (You acquired it on level 9 of the Dungeon)

   Int:       It affects your intelligence (+3).
   rN:        It protects you from negative energy.
   SInv:      It lets you see invisible.
   Contam:    It causes magical contamination when unequipped.
Magical Staves
 s - a staff of poison
 L - a staff of cold
Jewellery
 e - a ring of willpower (left hand)
 q - a ring of ice
 I - a ring of see invisible
 K - a ring of flight
 N - the ring of Gycwuwk (right hand) {Contam rF+ Will+ Str+3 Dex+6}
   (You bought it in a shop on level 10 of the Dungeon)

   [ring of dexterity]

   Str:       It affects your strength (+3).
   Dex:       It affects your dexterity (+6).
   rF:        It protects you from fire.
   Contam:    It causes magical contamination when unequipped.
   Will:      It increases your willpower.
 X - an amulet of magic regeneration (around neck)
 Z - an amulet of the acrobat
Wands
 o - a wand of mindburst (7)
 E - a wand of roots (27)
 F - a wand of digging (15)
 J - a wand of flame (29)
 R - a wand of polymorph (3)
 U - a wand of charming (6)
Scrolls
 d - 2 scrolls of butterflies
 g - 8 scrolls of teleportation {@r4}
 i - 2 scrolls of immolation
 j - 9 scrolls of blinking
 p - 6 scrolls of fog
 u - a scroll of silence
 w - 3 scrolls of magic mapping
 P - a scroll of amnesia
 V - 2 scrolls of fear
Potions
 a - 5 potions of mutation
 f - 5 potions of brilliance
 k - 2 potions of resistance
 m - a potion of curing {@q1}
 n - 3 potions of magic
 t - 5 potions of flight
 x - 3 potions of cancellation
 z - 4 potions of might
 A - 3 potions of attraction
 B - 3 potions of lignification
 C - 4 potions of invisibility
 M - 10 potions of ambrosia
 Q - 2 potions of berserk rage
 T - 2 potions of haste {@q3}
 W - a potion of heal wounds {@q2}
Miscellaneous
 r - a tin of tremorstones (2/2)
 y - a box of beasts
 G - a phial of floods
 H - a condenser vane


   Skills:
 - Level 15.0 Fighting
 - Level 5.7 Maces & Flails
 - Level 3.6 Throwing
 - Level 1.0 Armour
 + Level 13.3 Dodging
 - Level 1.7 Stealth
 + Level 12.4 Spellcasting
 - Level 8.3 Hexes
 - Level 16.4 Summonings
 - Level 2.6 Translocations
 - Level 5.2 Transmutations
 - Level 3.9 Poison Magic


You had 12 spell levels left.
You knew the following spells:

 Your Spells              Type           Power      Damage    Failure   Level
a - Call Canine Familiar  Summ           81%        N/A       0%          3
b - Summon Mana Viper     Hex/Summ       70%        N/A       1%          5
c - Summon Forest         Summ/Tloc      31%        N/A       2%          5
d - Summon Cactus Giant   Summ           40%        N/A       1%          6
e - Sting                 Tmut/Pois      100%       1d8       1%          1
i - Summon Hydra          Summ           40%        N/A       4%          7

Your spell library contained the following spells:

 Spells                   Type           Power      Damage    Failure   Level
 Summon Small Mammal      Summ           100%       N/A       0%          1
 Apportation              Tloc           60%        N/A       1%          1
 Beastly Appendage        Tmut           90%        N/A       1%          1
 Wereblood                Tmut           45%        N/A       1%          2
 Spider Form              Tmut/Pois      41%        N/A       1%          3
 Summon Guardian Golem    Hex/Summ       70%        N/A       1%          3
 Animate Armour           Summ/Erth      100%       N/A       1%          4
 Cause Fear               Hex            28%        N/A       1%          4
 Dazzling Flash           Conj/Hex       78%        N/A       2%          3
 Inner Flame              Hex/Fire       39%        N/A       2%          3
 Foxfire                  Conj/Fire      64%        2x1d7     4%          1
 Necrotise                Necr           64%        1d7       4%          1
 Sublimation of Blood     Necr           16%        N/A       6%          2
 Fulminant Prism          Conj/Hex       19%        3d10      8%          4
 Yara's Violent Unravell  Hex/Tmut       26%        3d11      8%          5
 Kindle Blastsparks       Fire/Tloc/Air  42%        2d13      9%          3
 Stone Arrow              Conj/Erth      32%        3d9       13%         3
 Vampiric Draining        Necr           16%        2d7       13%         3
 Iskenderun's Mystic Bla  Conj/Tloc      23%        2d6       26%         4
 Flame Wave               Conj/Fire      16%        2d7       38%         4
 Agony                    Necr           16%        N/A       75%         5
 Fireball                 Conj/Fire      8%         3d6       75%         5
 Iskenderun's Battlesphe  Conj           16%        2d7       75%         5
 Lee's Rapid Deconstruct  Erth           8%         3d7*      75%         5
 Spellforged Servitor     Conj/Summ      28%        N/A       77%         7
 Iron Shot                Conj/Erth      8%         9d3       100%        6
 Starburst                Conj/Fire      8%         6d4       100%        6
 Borgnjor's Revivificati  Necr           8%         N/A       100%        8
 Discord                  Hex            28%        N/A       100%        8
 Lehudib's Crystal Spear  Conj/Erth      8%         10d3      100%        8
 Necromutation            Tmut/Necr      15%        N/A       100%        8
 Death's Door             Necr           8%         N/A       100%        9


Dungeon Overview and Level Annotations

Branches:
Dungeon (15/15)            Temple (1/1) D:7            Lair (5/5) D:11
  Swamp (0/4) Lair:2       Spider (0/4) Lair:2        Slime (0/5) Lair:4
    Orc (2/2) D:9             Elf (1/3) Orc:2        Vaults (0/5) D:14
 Depths (0/4) D:15          Sewer (visited)         Gauntlet (visited)

Altars:
Ashenzari
Cheibriados
Dithmenos
Fedhas
Gozag
Hepliaklqana
Kikubaaqudgha
Makhleb
Nemelex Xobeh
Okawaru
Qazlal
Ru
Sif Muna
Trog
Uskayaw
Vehumet
Wu Jian
Xom
Yredelemnul
Jiyva

Shops:
D:2 ?   D:9 :   D:10 *=   D:13 *   Orc:2 !((*!   Lair:1 [   Lair:3 :

Annotations:
D:11 1 transporter
D:15 2 transporters, Keluf's ghost, journeyman GrFi
Lair:4 exclusion: 3 oklob plants


Innate Abilities, Weirdness & Mutations

A meltable icy envelope protects you from harm. (AC +0)
When hurt, damage is shared between your health and your magic reserves.
You regenerate magic rapidly.
When seriously injured, your blood forms thick armour. (AC +9)
A meltable shield of frost defends you. (SH +0)
Your presence sometimes corrodes those you injure.
You have a tail ending in a sharp stinger.


Message History

A four-headed hydra appears.
You are covered in liquid flames!
The deep elf archer shoots an arrow.
The arrow barely misses you.
The deep elf archer shoots an arrow.
The arrow hits your four-headed hydra!!
The deep elf archer shoots an arrow.
The arrow misses you.
The deep elf archer shoots an arrow.
The arrow misses you.
The nameless horror hits you but does no damage.
The +0 vorpal scimitar misses you.
The deep elf archer shoots an arrow.
The arrow hits you!
You hit the nameless horror.
Your corrupting presence corrodes the nameless horror!
The nameless horror is moderately damaged.
You are covered in liquid flames!
The +0 vorpal scimitar hits you!
The deep elf archer shoots an arrow.
The arrow hits your four-headed hydra!!
The deep elf archer shoots an arrow.
The arrow hits you!
The deep elf archer gestures at you while chanting.
You resist with almost no effort. The nameless horror misses you.
The deep elf archer shoots an arrow.
The arrow hits you.
The deep elf archer shoots an arrow.
The arrow hits you!
* * * LOW HITPOINT WARNING * * *
The deep elf zephyrmancer hits you with a +0 long sword.
* * * LOW HITPOINT WARNING * * *
You hit the nameless horror.
The nameless horror seems to be corroded for longer.
You tail-slap the nameless horror, but do no damage.
The nameless horror is moderately damaged.
You are covered in liquid flames!
The +0 vorpal scimitar hits you!
* * * LOW HITPOINT WARNING * * *
x2 The deep elf pyromancer mumbles some strange words.
The deep elf pyromancer blinks!
Your four-headed hydra bites the nameless horror!
Your four-headed hydra bites the nameless horror.
Your four-headed hydra bites the nameless horror!
The nameless horror is destroyed!
The deep elf archer shoots an arrow.
The arrow hits your four-headed hydra!!
The deep elf archer shoots an arrow.
The arrow hits you!!
You die...
Your body crumbles into a pile of gold.

*,***,*,,,,,,,*,* *,*
**,,..#...e,..♣.# *.#
**,#.#..Ee,,.#.#**#e♣#
**+.....8,,,e$☼##...♣♣
****,,#...E,,,♣$♣+~~~..♣#
,,,+,,#.§..,,,#e$~≈ee...##
****,,*,...,,,#.~~≈≈~e...#
*#.###♣.♣#♣♣(e$D~~♣...#
*#....(.°○EE$@~~.~.♣..#
**....○.♣###♣##e~.....##
**,#####** *#+.....##
**,** **,#♣...♣# *,**
**,***+##♣ ,** **,** *,*
** **,** *,* * **,** *,*
**,** *,*


You could see 5 deep elf archers, a deep elf pyromancer, 2 deep elf
zephyrmancers, 2 fire elementals, a +0 vorpal scimitar (corroded) and a friendly
four-headed hydra (summoned).

Vanquished Creatures
  A dire elephant (Lair:5)
  The ghost of p00ps00p the Cleaver, a journeyman HOFi of Gozag (Orc:1)
  A hydra (Lair:5)
  2 centaur warriors
  A dancing weapon (Elf:1)
  2 boulder beetles
  2 two-headed ogres
  A tengu warrior (D:14)
  Urug (Orc:2)
  2 soul eaters (Gauntlet)
  7 nameless horrors
  A glowing orange brain (Gauntlet)
  A tengu zombie (D:15)
  A wizard (Gauntlet)
  A wolf spider (D:12)
  A deep elf pyromancer (D:9)
  4 ugly things
  2 cyclopes
  3 elephants
  A black mamba (Lair:3)
  2 cane toads
  3 komodo dragons (Lair:5)
  4 rime drakes
  A meliai (D:13)
  2 trolls (Orc:2)
  6 polar bears
  4 blink frogs
  2 raiju (Lair:5)
  An air elemental (Elf:1)
  A spriggan (shapeshifter) (D:15)
  A wraith (D:9)
  Eustachio (D:4)
  A spriggan skeleton (D:15)
  5 yaks
  A vampire mosquito (D:15)
  A warg (Lair:5)
  An acid dragon (Lair:5)
  7 water moccasins
  8 hell hounds (Lair:5)
  2 sky beasts
  8 orc warriors
  9 black bears
  3 ice beasts
  7 ogres
  11 wolves
  3 centaurs
  A phantom (D:5)
  2 kobold brigands
  A gnoll sergeant (D:8)
  5 bullfrogs
  4 scorpions
  A wight (D:9)
  4 killer bees (Lair:2)
  A howler monkey (D:9)
  4 jellies
  7 hounds
  2 gnoll boudas
  9 orc priests
  8 iguanas
  4 hell rats (Lair:5)
  12 orc wizards
  6 adders
  10 gnolls
  4 river rats
  3 shadow imps (Gauntlet)
  A white imp (D:7)
  An adder skeleton (D:3)
  A worm (D:4)
  2 dart slugs
  49 orcs
  5 bats
  2 endoplasms
  3 giant cockroaches
  8 goblins
  7 hobgoblins
  8 jackals
  5 quokkas
  7 ball pythons
  A ball python skeleton (D:3)
  3 frilled lizards
  8 kobolds
  2 quokka skeletons (D:3)
  A quokka zombie (D:3)
  15 rats
348 creatures vanquished.

Vanquished Creatures (collateral kills)
  Jorgrun (D:14)
  Frances (D:13)
  A sphinx (D:13)
  2 deep elf sorcerers (Elf:1)
  Nessos (Lair:4)
  A minotaur (Gauntlet)
  Snorg (D:13)
  2 fire dragons
  4 hydras
  A catoblepas (Lair:1)
  2 ogre magi (Orc:2)
  3 dancing weapons
  12 two-headed ogres
  3 boulder beetles
  A tengu warrior (D:15)
  A death knight (D:14)
  Sonja (D:13)
  A deep elf knight (Elf:1)
  Amaemon (Lair:2)
  6 skeletal warriors
  2 deep trolls (Orc:2)
  A flayed ghost (D:15)
  A glowing orange brain (Gauntlet)
  2 necromancers
  A lindwurm (Lair:4)
  5 deep elf pyromancers
  A wizard (Gauntlet)
  2 orc knights (Orc:1)
  An orc sorcerer (Orc:2)
  A tengu skeleton (D:15)
  13 ugly things
  7 cyclopes
  4 manticores
  A moth of wrath (Gauntlet)
  25 elephants
  2 black mambas (Lair:3)
  A guardian serpent (shapeshifter) (D:14)
  5 cane toads
  A gargoyle (D:12)
  An unseen horror (D:13)
  An orange demon (Lair:2)
  9 komodo dragons
  3 rime drakes
  3 freezing wraiths (D:14)
  2 tengu conjurers (D:15)
  15 trolls
  A queen bee (Lair:2)
  3 meliai
  5 polar bears (Lair:5)
  A wind drake (shapeshifter) (D:13)
  A meliai (shapeshifter) (Elf:1)
  A blink frog (shapeshifter) (D:14)
  11 blink frogs
  2 hornets (D:9)
  A raiju (Lair:5)
  3 slime creatures
  A centaur simulacrum (D:13)
  4 shadows
  A vampire (D:10)
  2 wraiths
  An air elemental (Elf:1)
  6 nameless horrors
  45 yaks
  6 wyverns
  5 vampire mosquitoes
  A steam dragon (Lair:5)
  2 swamp worms (Lair:2)
  5 wargs
  5 acid dragons
  6 hell hounds (Lair:5)
  8 water moccasins
  A glowing shapeshifter skeleton (D:15)
  A swamp drake (Lair:5)
  4 black bears (Lair:5)
  19 orc warriors
  5 ice beasts (D:11)
  14 ogres
  12 centaurs
  20 wolves
  2 kobold brigands
  8 bullfrogs
  An earth elemental (Elf:1)
  12 wights
  4 howler monkeys
  27 killer bees
  A jelly (D:8)
  12 orc priests
  15 orc wizards
  2 hell rats (Lair:5)
  4 river rats (Lair:5)
  5 shadow imps (Gauntlet)
  3 white imps
  49 orcs
  5 kobolds (D:11)
  2 rats (Lair:5)
  A bush (Lair:3)
512 creatures vanquished.

Vanquished Creatures (others)
  A wizard (D:13)
  2 slime creatures (D:10)
  5 yaks (D:10)
  An acid dragon (D:10)
  A howler monkey (D:10)
  An orc wizard (Orc:1)
  2 orcs (Orc:1)
  27 fungi
  92 plants
  5 snaplasher vines
  3 withered plants (D:15)
140 creatures vanquished.

Grand Total: 1000 creatures vanquished

Notes
Turn   | Place    | Note
-------+----------+-------------------------------------------
     0 | D:1      | freelancePsychic the Demonspawn Wanderer began the quest
                  | for the Orb.
     0 | D:1      | freelancePsychic set off with the following items: a +2
                  | dagger, 4 curare-tipped darts, a +0 helmet, a potion of
                  | curing {@q1}, a +0 robe; and the following spell memorised:
                  | Sting; and the following spells available to memorise:
                  | Spider Form.
     0 | D:1      | Reached XP level 1. HP: 15/15 MP: 2/2
   358 | D:1      | Gained mutation: You have a small tail. [demonic ancestry]
   358 | D:1      | Reached XP level 2. HP: 21/21 MP: 1/3
  1260 | D:2      | Reached XP level 3. HP: 26/26 MP: 3/5
  1673 | D:2      | Found Noeb's Magic Scroll Shop.
  1707 | D:2      | Bought a scroll of fear for 48 gold pieces
  1849 | D:2      | Reached XP level 4. HP: 33/33 MP: 4/6
  2089 | D:3      | Found a faded altar of an unknown god.
  2201 | D:3      | Found a glowing drain.
  2223 | Sewer    | Entered a sewer
  2285 | Sewer    | Noticed a water moccasin
  2300 | Sewer    | Killed a water moccasin
  2301 | Sewer    | Gained mutation: When seriously injured, your blood forms
                  | armour. (AC +9) [demonic ancestry]
  2301 | Sewer    | Reached XP level 5. HP: 20/40 MP: 6/8
  2467 | D:2      | Bought a scroll of enchant armour for 90 gold pieces
  2889 | D:4      | Found a basalt altar of Yredelemnul.
  2912 | D:4      | Noticed Eustachio
  2949 | D:4      | Killed Eustachio
  2950 | D:4      | Reached skill level 2 in Summonings
  2950 | D:4      | Gained mutation: A meltable shield of frost defends you.
                  | (SH +0) [demonic ancestry]
  2950 | D:4      | Reached XP level 6. HP: 37/47 MP: 6/10
  3622 | D:5      | Entered Level 5 of the Dungeon
  3642 | D:4      | Reached skill level 1 in Hexes
  3758 | D:5      | Reached skill level 3 in Summonings
  3758 | D:5      | Gained mutation: You have a tail ending in a sharp stinger.
                  | [demonic ancestry]
  3758 | D:5      | Reached XP level 7. HP: 38/52 MP: 6/11
  4073 | D:5      | Reached skill level 4 in Summonings
  4233 | D:4      | Learned a level 5 spell: Summon Mana Viper
  4404 | D:5      | Reached XP level 8. HP: 52/61 MP: 8/12
  4498 | D:5      | Found a stormy altar of Qazlal.
  4725 | D:5      | Reached skill level 5 in Summonings
  5318 | D:6      | Reached skill level 5 in Hexes
  5511 | D:6      | Reached skill level 5 in Fighting
  5590 | D:6      | Reached skill level 6 in Summonings
  5942 | D:6      | Reached XP level 9. HP: 52/68 MP: 6/13
  6676 | D:7      | Found a staircase to the Ecumenical Temple.
  6684 | Temple   | Entered the Ecumenical Temple
  7008 | Temple   | Became a worshipper of Gozag Ym Sagoz the Greedy
  7109 | D:2      | Bought a scroll of enchant armour for 90 gold pieces
  7413 | D:7      | Reached skill level 7 in Summonings
  7803 | D:8      | You fall into a shaft and drop 1 floor!
  8979 | D:8      | Noticed a nameless horror
  9055 | D:8      | Reached skill level 8 in Summonings
  9746 | D:9      | Found a staircase to the Orcish Mines.
  9804 | D:9      | Gained mutation: A meltable icy envelope protects you from
                  | harm. (AC +0) [demonic ancestry]
  9804 | D:9      | Reached XP level 10. HP: 68/77 MP: 5/15
 10352 | D:9      | Learned a level 6 spell: Summon Cactus Giant
 10403 | D:9      | Reached skill level 9 in Summonings
 10407 | D:9      | Noticed a deep elf pyromancer
 10414 | D:9      | Noticed a two-headed ogre
 10526 | D:8      | Killed a nameless horror
 10692 | D:8      | Noticed a two-headed ogre
 10704 | D:8      | Killed a two-headed ogre
 10919 | D:8      | Reached skill level 5 in Spellcasting
 11021 | D:8      | Reached skill level 10 in Summonings
 11229 | D:8      | Learned a level 3 spell: Summon Guardian Golem
 11233 | D:8      | Learned a level 3 spell: Call Canine Familiar
 11402 | D:9      | Noticed a deep elf pyromancer
 11420 | D:9      | Killed a deep elf pyromancer
 11623 | D:9      | Gained mutation: You regenerate magic rapidly. [demonic
                  | ancestry]
 11623 | D:9      | Reached XP level 11. HP: 86/86 MP: 11/19
 11661 | D:9      | Killed a two-headed ogre
 11673 | D:9      | Killed a deep elf pyromancer
 11771 | D:9      | Identified the +3 leather armour of the Sun {rPois Int-5
                  | Stlth+}
 11795 | D:9      | Noticed a two-headed ogre
 11808 | D:9      | Killed a two-headed ogre
 11809 | D:9      | Reached skill level 11 in Summonings
 11918 | D:9      | Identified a scroll of acquirement
 11918 | D:9      | Acquired the +2 pair of gloves of Xidey {Contam rN+ Int+3
                  | SInv}
 12064 | D:10     | Entered Level 10 of the Dungeon
 12175 | D:10     | Identified the +1 robe "Cyruerat" {Dex+2}
 12668 | D:10     | Found Pyiq's Fire Supplies.
 12864 | D:10     | Bought the ring of Gycwuwk {Contam rF+ Will+ Str+3 Dex+6}
                  | for 957 gold pieces
 13048 | D:11     | Noticed a red ugly thing
 13054 | D:11     | Killed a red ugly thing
 13058 | D:11     | Reached skill level 1 in Dodging
 13161 | D:11     | Reached skill level 12 in Summonings
 13201 | D:11     | Noticed a nameless horror
 13208 | D:11     | Killed a nameless horror
 13251 | D:11     | Found a staircase to the Lair.
 13480 | D:11     | Gained mutation: When hurt, damage is shared between your
                  | health and your magic reserves. [demonic ancestry]
 13480 | D:11     | Reached XP level 12. HP: 69/96 MP: 7/21
 13539 | D:11     | Found a transporter.
 13893 | D:12     | Noticed a boulder beetle
 13909 | D:12     | Killed a boulder beetle
 13971 | D:12     | Reached skill level 1 in Transmutations
 14103 | D:12     | Reached skill level 10 in Fighting
 14389 | D:12     | Noticed a two-headed ogre
 14396 | D:12     | Killed a two-headed ogre
 15013 | Lair:1   | Entered Level 1 of the Lair of Beasts
 15027 | Lair:1   | Learned a level 5 spell: Summon Forest
 15160 | Lair:1   | Reached skill level 13 in Summonings
 15397 | Lair:1   | Noticed a catoblepas
 15421 | Lair:1   | Killed a catoblepas
 16313 | Lair:2   | Noticed Amaemon
 16330 | Lair:2   | Reached skill level 5 in Transmutations
 16334 | Lair:2   | Killed Amaemon
 16350 | Lair:2   | Gained mutation: When seriously injured, your blood forms
                  | thick armour. (AC +9) [demonic ancestry]
 16350 | Lair:2   | Reached XP level 13. HP: 106/106 MP: 12/22
 16555 | Lair:2   | Reached skill level 1 in Translocations
 16771 | Lair:2   | Found a hole to the Spider Nest.
 16943 | Lair:2   | Found a staircase to the Swamp.
 17656 | D:2      | Bought a scroll of enchant weapon for 90 gold pieces
 18020 | Lair:3   | Reached skill level 14 in Summonings
 18063 | Lair:3   | Reached skill level 1 in Maces & Flails
 19251 | Lair:4   | Noticed Nessos
 19270 | Lair:4   | Killed Nessos
 19559 | Lair:4   | Reached XP level 14. HP: 95/116 MP: 7/23
 19577 | Lair:4   | Reached skill level 5 in Maces & Flails
 19756 | Lair:4   | Found a staircase to the Slime Pits.
 19762 | Lair:4   | Reached skill level 15 in Summonings
 19776 | Lair:4   | Found a viscous altar of Jiyva.
 20267 | Lair:5   | Entered Level 5 of the Lair of Beasts
 20939 | Lair:5   | Reached skill level 5 in Dodging
 22432 | D:13     | Found a hide-covered altar of Uskayaw.
 22600 | D:13     | Noticed Snorg
 22605 | D:13     | Killed Snorg
 22691 | D:13     | Found a runed translucent door.
 22691 | D:13     | Found the dreamshard necklace {*Dream Drain}
 22694 | D:13     | Noticed a sphinx
 22695 | D:13     | Identified the +5 quarterstaff of Bodily Harmony {venom,
                  | rN+ Stlth+}
 22703 | D:13     | Noticed Frances
 22717 | D:13     | Killed Frances
 22797 | D:13     | Noticed Sonja
 22807 | D:13     | Reached XP level 15. HP: 96/127 MP: 6/24
 22812 | D:13     | Killed Sonja
 22926 | D:13     | Found Wimoquje's General Store.
 22931 | D:13     | Bought a potion of cancellation for 128 gold pieces
 23210 | D:13     | Reached skill level 15 in Fighting
 23222 | D:13     | Killed a sphinx
 23252 | D:13     | Identified the +7 rapier "Nownudgh" {vorpal, *Rage Will+
                  | Str+2}
 23446 | Lair:3   | Bought a manual of Spellcasting for 1120 gold pieces
 23446 | Lair:3   | Bought a book of Blood for 392 gold pieces
 23454 | Lair:3   | Learned a level 7 spell: Summon Hydra
 23807 | D:14     | Noticed Jorgrun
 23817 | D:14     | Killed Jorgrun
 24024 | D:14     | Found a gate to the Vaults.
 25494 | D:15     | Entered Level 15 of the Dungeon
 25553 | D:15     | Found a gate leading to a gauntlet.
 25562 | Gauntlet | Entered a Gauntlet
 25562 | Gauntlet | Found a transporter.
 25574 | Gauntlet | Found a transporter.
 25574 | Gauntlet | Found a transporter.
 25575 | Gauntlet | Found a transporter.
 25584 | Gauntlet | Found a transporter.
 25586 | Gauntlet | Found a transporter.
 25587 | Gauntlet | Found a transporter.
 25596 | Gauntlet | Found a transporter.
 25599 | Gauntlet | Found a transporter.
 25600 | Gauntlet | Found a transporter.
 25606 | Gauntlet | Found a runed translucent gate.
 25606 | Gauntlet | Found a runed translucent gate.
 25608 | Gauntlet | Found a transporter.
 25608 | Gauntlet | Found a runed translucent gate.
 25611 | Gauntlet | Found a transporter.
 25612 | Gauntlet | Found a transporter.
 25619 | Gauntlet | Found a runed translucent door.
 25622 | Gauntlet | Found a transporter.
 25820 | Gauntlet | Reached skill level 10 in Dodging
 26079 | Gauntlet | Identified the ring of Deusiukk {rN+ MP+9}
 26193 | Gauntlet | Got the Guidebook on Hexes and Conflagration
 26283 | D:15     | Found an ancient bone altar of Kikubaaqudgha.
 26299 | D:15     | Reached skill level 16 in Summonings
 26528 | D:15     | Found a staircase to the Depths.
 26702 | D:15     | Found a transporter.
 26702 | D:15     | Noticed Keluf's ghost (journeyman GrFi)
 26707 | D:15     | Found a transporter.
 26707 | D:15     | Noticed a frost giant
 26732 | D:15     | Reached skill level 10 in Spellcasting
 27052 | D:15     | Identified the amulet of Trepidation {Acrobat Str+4}
 27381 | Orc:1    | Entered Level 1 of the Orcish Mines
 27813 | Orc:1    | Found a runed translucent door.
 27814 | Orc:1    | Noticed p00ps00p's ghost (journeyman HOFi)
 27964 | Orc:1    | Killed p00ps00p's ghost
 27972 | Orc:1    | Identified the +0 buckler of Beogh, Feeding {Str+2}
 28014 | Orc:2    | Entered Level 2 of the Orcish Mines
 28037 | Orc:2    | Gained mutation: Your presence sometimes corrodes those you
                  | injure. [demonic ancestry]
 28037 | Orc:2    | Reached XP level 16. HP: 136/136 MP: 13/30
 28145 | Orc:2    | Noticed Urug
 28322 | Orc:2    | Killed Urug
 28434 | Orc:2    | Found Beasyom's Weapon Emporium.
 28520 | Orc:2    | Found a staircase to the Elven Halls.
 28611 | Orc:2    | Found Falug's Distillery.
 28631 | Orc:2    | Found Teoqid's Antique Weapon Boutique.
 28641 | Orc:2    | Found Ozaveplu's Assorted Antiques.
 29009 | Orc:2    | Found Giemuota's Distillery.
 29019 | Orc:2    | Bought a potion of invisibility for 96 gold pieces
 29019 | Orc:2    | Bought a potion of heal wounds for 60 gold pieces
 29019 | Orc:2    | Bought a potion of invisibility for 96 gold pieces
 29019 | Orc:2    | Bought a potion of heal wounds for 60 gold pieces
 29019 | Orc:2    | Bought a potion of curing for 36 gold pieces
 29398 | Orc:2    | Bought a potion of resistance for 170 gold pieces
 29398 | Orc:2    | Bought a potion of heal wounds for 85 gold pieces
 29398 | Orc:2    | Bought a potion of haste for 170 gold pieces
 29398 | Orc:2    | Bought a potion of brilliance for 68 gold pieces
 29492 | Elf:1    | Entered Level 1 of the Elven Halls
 29494 | Elf:1    | Paralysed by an air elemental for 1 turns
 29514 | Elf:1    | Paralysed by an air elemental for 1 turns
 29705 | Elf:1    | Shot with an arrow by a deep elf archer

Illustrated notes

Levels and vault maps discovered:
D:1:      dpeg_arrival_castle, layout_loops_ring, grunt_decor_junction,
          kennysheep_boxes
D:2:      layout_rooms, serial_glass, glass_columns_a, glass_columns_a,
          serial_shops, nicolae_shop_crystal
D:3:      layout_basic, serial_undead, serial_undead_f, serial_undead_a,
          serial_undead_b, serial_undead_b,
          hellmonk_ecumenical_altar_arch_garden, portal_sewer_entry_b
D:4:      layout_basic, yredelemnul_altar_generic, uniq_eustachio
D:5:      layout_cave_pools, grunt_qazlal_clouds, serial_park,
          serial_park_gazebo [serial_park_minivault_5x5_5], serial_park_square1
          [serial_park_minivault_5x5_1], serial_park_square3
          [serial_park_minivault_5x5_5]
D:6:      layout_gridville, minmay_misc_feat_nine_boxes
D:7:      layout_basic, minmay_temple_entry_statues_fountains,
          chequers_serial_rivers_micro_d
D:8:      minmay_polygon_palace, layout_basic
D:9:      minmay_the_grid_triangle_9x9_rhombus_thin_mashed
          [minmay_the_grid_triangle_9x9_alien,
          minmay_the_grid_triangle_9x9_prize_insulated,
          minmay_the_grid_triangle_9x9_cache,
          minmay_the_grid_triangle_9x9_pentomino_pain], layout_loops_ring,
          orc_david_3
D:10:     layout_irregular_city, nicolae_shop_fire_sale [nicolae_sub_dead_trees]
D:11:     layout_roguey, hellmonk_lair_entry_icy, nicolae_diode_basic
D:12:     layout_gridville
D:13:     layout_cave_pools, serial_shops, nicolae_shop_hallway_stairs,
          minmay_st_funbox, dancing_weapons_uskayaw, uniq_sonja, uniq_snorg,
          uniq_frances
D:14:     layout_layer_cave, erik_vaults_1, uniq_jorgrun
D:15:     gammafunk_depths_entry_grave, layout_stronghold,
          gauntlet_entry_generic, gammafunk_ghost_arena, kiku_gazebo_pond_becter
Temple:   mainiacjoe_temple_cubbyholes
Lair:1:   layout_chaotic_city, grunt_megastairs_5, serial_bayou_shore_a
Lair:2:   layout_roguey, minmay_swamp_entry_worms,
          hellmonk_spider_entry_not_the_bees, special_room [special_room_bee],
          uniq_amaemon
Lair:3:   nzn_winding_woodlands_stair_trap [nzn_winding_woodlands_5x15_pool,
          nzn_winding_woodlands_5x15_garden, nzn_winding_woodlands_5x15_twine,
          nzn_winding_woodlands_15x15_eel_pit,
          nzn_winding_woodlands_5x15_crooked,
          nzn_winding_woodlands_5x15_sidewinder,
          nzn_winding_woodlands_5x15_zeroes], layout_misc_corridors
Lair:4:   layout_roguey, minmay_slime_entry_oklob_open, uniq_nessos
Lair:5:   hangedman_lair_caniforms_friends, layout_loops_ring,
          guppyfry_lair_end_dragon, dreamdust_mushroom_princess, st_stairs_8,
          kennysheep_abandoned_house
Orc:1:    layout_caves, ebering_ghost_reflecting_pool
Orc:2:    st_orc_open, layout_caves, serial_shops, nicolae_lakefront_shop,
          special_room, uniq_urug
Elf:1:    layout_geoelf_grid, basic_altar, mu_enter_wizlab_6, minivault_28,
          uniq_donald

Skill      XL: |  1  2  3  4  5  6  7  8  9 10 11 12 13 14 15 16 |
---------------+-------------------------------------------------+-----
Poison Magic   | 2 3 |  3.9
Fighting       | 2 3 4 5 6 7 9 11 12 14 15 | 15.0
Spellcasting   | 2 3 5 6 10 12 | 12.4
Summonings     | 2 3 4 6 8 10 12 13 14 15 16 | 16.4
Hexes          | 1 3 5 7 8 |  8.3
Dodging        | 3 7 11 13 | 13.3
Transmutations | 5 |  5.2
Translocations | 2 |  2.6
Maces & Flails | 4 5 |  5.7
Throwing       | |  3.6
Armour         | |  1.0
Stealth        | |  1.7

Action                   |  1- 3 |  4- 6 |  7- 9 | 10-12 | 13-15 | 16-18 || total
-------------------------+-------+-------+-------+-------+-------+-------++-------
Melee: Dagger            |    85 |   147 |   383 |   317 |   136 |       ||  1068
       Tailslap          |     8 |    31 |    76 |    64 |   192 |    28 ||   399
       Punch             |     1 |     1 |     7 |     4 |    21 |     1 ||    35
       Demon whip        |       |       |       |       |   715 |   133 ||   848
Throw: Dart              |       |       |     2 |       |       |       ||     2
 Cast: Sting             |    36 |    46 |   258 |       |       |       ||   340
       Summon Mana Viper |       |       |    11 |    57 |    63 |     5 ||   136
       Call Canine Famil |       |       |       |    34 |    32 |     1 ||    67
       Summon Guardian G |       |       |       |    16 |       |       ||    16
       Summon Cactus Gia |       |       |       |    32 |    88 |     2 ||   122
       Summon Forest     |       |       |       |     7 |    39 |     6 ||    52
       Summon Hydra      |       |       |       |       |    33 |    23 ||    56
Invok: Call Merchant     |       |       |       |     2 |     1 |     1 ||     4
Evoke: Wand              |       |       |     2 |     2 |       |       ||     4
  Use: Scroll            |     4 |     8 |    12 |    11 |    12 |     1 ||    48
       Potion            |       |     2 |     3 |       |     8 |     4 ||    17
 Stab: Sleeping          |     1 |       |       |       |     3 |       ||     4
       Distracted        |       |       |       |     7 |    19 |     2 ||    28
Armor: Troll leather arm |    40 |    68 |   188 |   125 |   359 |    37 ||   817
       Robe              |     1 |       |       |       |       |       ||     1
Dodge: Dodged            |    43 |    71 |   217 |   164 |   726 |   176 ||  1397
Block: Other             |       |    14 |    81 |    55 |   140 |    28 ||   318

Table legend: (Time is in decaauts)
 A = Elapsed time spent in this place.
 B = Non-inter-level travel time spent in this place.
 C = Inter-level travel time spent in this place.
 D = Time resting spent in this place.
 E = Time spent auto-exploring this place.
 F = Levels seen in this place.
 G = Mean time per level.
                   A        B        C        D        E       F      G
               +--------+--------+--------+--------+--------+-----+--------+
         Total |  29446 |  27352 |   2094 |    704 |  20391 |  26 | 1132.5 |
       Dungeon |  19134 |  17694 |   1440 |    473 |  13422 |  15 | 1275.6 |
        Temple |    355 |    289 |     66 |      0 |    284 |   1 |  355.0 |
          Lair |   6891 |   6437 |    454 |      6 |   4775 |   5 | 1378.2 |
  Orcish Mines |   2234 |   2101 |    133 |    225 |   1419 |   2 | 1117.0 |
   Elven Halls |     58 |     58 |      0 |      0 |      0 |   1 |   58.0 |
         Sewer |    149 |    149 |      0 |      0 |    107 |   1 |  149.0 |
      Gauntlet |    622 |    622 |      0 |      0 |    383 |   1 |  622.0 |
               +--------+--------+--------+--------+--------+-----+--------+

Top non-repeatable levels by time:
     D:8: 2724 daAuts
    D:14: 1858 daAuts
  Lair:5: 1815 daAuts
     D:9: 1587 daAuts
   Orc:2: 1346 daAuts
  Lair:3: 1310 daAuts
  Lair:1: 1307 daAuts
  Lair:2: 1306 daAuts
    D:11: 1275 daAuts
     D:6: 1274 daAuts
     D:1: 1243 daAuts
     D:7: 1210 daAuts
     D:4: 1205 daAuts
  Lair:4: 1151 daAuts
    D:12: 1133 daAuts
